3L
BROOKLYN DODGERS @ OAKLAND OAKS
09/15/2041
 
TOP OF THE 1ST
Brooklyn Dodgers batting - Pitching for Oakland Oaks : RHP Ismael Calderón
Pitching: RHP Ismael Calderón
Batting: SHB Koryusai Ohayashi 0-0: Ball
1-0: Ball
2-0: Ball
3-0: Base on Balls
Batting: SHB Fa-hsien Tze 0-0: Called Strike
0-1: Ball
1-1: Ball
2-1: Called Strike
2-2: Fly out, F9 (Flyball, 9S, EV 81.2 MPH)
Batting: LHB Tony Wonder 0-0: Ball
Koryusai Ohayashi is caught stealing 2nd base 2-6
1-0: Ball
2-0: Ball
3-0: Base on Balls
Batting: RHB Bill Chaundler 0-0: Ball
Tony Wonder steals 2nd base
1-0: Called Strike
1-1: Ball
2-1: Swinging Strike
2-2: Ball
3-2: Strikes out looking
Top of the 1st over - 0 runs, 0 hits, 0 errors, 1 left on base; Brooklyn 0 - Oakland 0
BOTTOM OF THE 1ST
Oakland Oaks batting - Pitching for Brooklyn Dodgers : LHP Holden Rosen Grupp
Pitching: LHP Holden Rosen Grupp
Batting: RHB Sebastian Franke 0-0: Called Strike
0-1: Foul Ball, location: 2F
0-2: SINGLE (Line Drive, 4D, EV 103.8 MPH)
Batting: RHB John Mast 0-0: Ball
1-0: SINGLE (Line Drive, 56, EV 102.5 MPH)
Sebastian Franke to second
Batting: RHB Johnny Jones 0-0: Fly out, F8 (Flyball, 89M, EV 88.8 MPH)
Batting: LHB Gabriel Montoya 0-0: Ball
1-0: Ball
2-0: Grounds into double play, 4-6-3 (Groundball, 4M, EV 106.2 MPH)
Bottom of the 1st over - 0 runs, 2 hits, 0 errors, 1 left on base; Brooklyn 0 - Oakland 0
TOP OF THE 2ND
Brooklyn Dodgers batting - Pitching for Oakland Oaks : RHP Ismael Calderón
Batting: LHB Aaron Day 0-0: Ball
1-0: Called Strike
1-1: Ball
2-1: Ball
3-1: Base on Balls
Pitching: RHP Matt Dunn
Batting: RHB Carlos Muńóz 0-0: Foul Ball, location: 2F
0-1: Ball
1-1: Ball
2-1: Foul Ball, location: 2F
2-2: Ball
3-2: Foul Ball, location: 2F
3-2: Base on Balls
Aaron Day to second
Batting: LHB Ronald Lithgoe 0-0: Called Strike
0-1: Ball
1-1: SINGLE (Groundball, 56D, EV 101.9 MPH)
Aaron Day to third
Carlos Muńóz to second
Runner from 3rd tries for Home, SAFE, no throw by LF
Batting: RHB Steve Pugh 0-0: Called Strike
0-1: Called Strike
0-2: Ball
1-2: Ball
2-2: Ball
3-2: Grounds into double play, 6-4-3 (Groundball, 6, EV 84.4 MPH)
Carlos Muńóz to third
Batting: LHB Hugh Hill 0-0: Ground out 6-3 (Groundball, 6M, EV 79.4 MPH)
Top of the 2nd over - 1 run, 1 hit, 0 errors, 1 left on base; Brooklyn 1 - Oakland 0
BOTTOM OF THE 2ND
Oakland Oaks batting - Pitching for Brooklyn Dodgers : LHP Holden Rosen Grupp
Batting: RHB Eugene Bowman 0-0: Swinging Strike
0-1: Ball
1-1: Foul Ball, location: 2F
1-2: Ball
2-2: Foul Ball, location: 2F
2-2: Ball
3-2: Strikes out looking
Batting: RHB Tony Hernández 0-0: Called Strike
0-1: Fly out, F8 (Flyball, 78D, EV 81.2 MPH)
Batting: LHB Conor Gotaas 0-0: Called Strike
0-1: Swinging Strike
0-2: Strikes out swinging
Bottom of the 2nd over - 0 runs, 0 hits, 0 errors, 0 left on base; Brooklyn 1 - Oakland 0
TOP OF THE 3RD
Brooklyn Dodgers batting - Pitching for Oakland Oaks : RHP Matt Dunn
Batting: SHB Koryusai Ohayashi 0-0: Foul Ball, location: 2F
0-1: Called Strike
0-2: Strikes out looking
Batting: SHB Fa-hsien Tze 0-0: DOUBLE (Line Drive, 7LM, EV 95.0 MPH)
Batting: LHB Tony Wonder 0-0: Called Strike
0-1: Ball
1-1: SINGLE (Line Drive, 9S, EV 91.2 MPH)
Fa-hsien Tze to third
Runner from 3rd tries for Home, SAFE, throw by RF to home
Batting: RHB Bill Chaundler 0-0: Ball
Tony Wonder is caught stealing 2nd base 2-4
1-0: Called Strike
1-1: Fly out, F5 (Popup, 56S, EV 71.2 MPH)
Top of the 3rd over - 1 run, 2 hits, 0 errors, 0 left on base; Brooklyn 2 - Oakland 0
BOTTOM OF THE 3RD
Oakland Oaks batting - Pitching for Brooklyn Dodgers : LHP Holden Rosen Grupp
Batting: RHB Esteban Vázquez 0-0: Fly out, F9 (Flyball, 9S, EV 83.1 MPH)
Batting: RHB Cornelius Adkison 0-0: Ball
1-0: Swinging Strike
1-1: Bunt missed!
1-2: Ground out U3 (Groundball, 34, EV 104.4 MPH)
Batting: RHB Sebastian Franke 0-0: Ball
1-0: Foul Ball, location: 2F
1-1: Called Strike
1-2: Fly out, F9 (Flyball, 89M, EV 79.4 MPH)
Bottom of the 3rd over - 0 runs, 0 hits, 0 errors, 0 left on base; Brooklyn 2 - Oakland 0
TOP OF THE 4TH
Brooklyn Dodgers batting - Pitching for Oakland Oaks : RHP Matt Dunn
Batting: LHB Aaron Day 0-0: Foul Ball, location: 2F
0-1: Called Strike
0-2: Ball
1-2: Ball
2-2: Ground out U3 (Groundball, 3, EV 85.6 MPH)
Batting: RHB Carlos Muńóz 0-0: Foul Ball, location: 2F
0-1: Fly out, F7 (Flyball, 78M, EV 90.6 MPH)
Batting: LHB Ronald Lithgoe 0-0: Foul Ball, location: 2F
0-1: Foul Ball, location: 2F
0-2: Ball
1-2: Ball
2-2: Ball
3-2: Strikes out swinging, 2-3 out at first.
Top of the 4th over - 0 runs, 0 hits, 0 errors, 0 left on base; Brooklyn 2 - Oakland 0
BOTTOM OF THE 4TH
Oakland Oaks batting - Pitching for Brooklyn Dodgers : LHP Holden Rosen Grupp
Batting: RHB John Mast 0-0: Ball
1-0: Swinging Strike
1-1: Foul Ball, location: 2F
1-2: SINGLE (Line Drive, 9S, EV 110.6 MPH)
Batting: RHB Johnny Jones 0-0: Grounds into double play, 1-6-3 (Groundball, 13S, EV 68.8 MPH)
Batting: LHB Gabriel Montoya 0-0: Called Strike
0-1: Ball
1-1: Fly out, F7 (Flyball, 7S, EV 91.9 MPH)
Bottom of the 4th over - 0 runs, 1 hit, 0 errors, 0 left on base; Brooklyn 2 - Oakland 0
TOP OF THE 5TH
Brooklyn Dodgers batting - Pitching for Oakland Oaks : RHP Matt Dunn
Batting: RHB Steve Pugh 0-0: Foul Ball, location: 2F
0-1: Swinging Strike
0-2: Ball
1-2: Ground out 6-3 (Groundball, 6S, EV 81.9 MPH)
Batting: LHB Hugh Hill 0-0: Called Strike
0-1: Ball
1-1: SINGLE (Line Drive, 6D, EV 106.2 MPH)
Batting: SHB Koryusai Ohayashi 0-0: Ball
1-0: Foul Ball, location: 2F
1-1: Foul Ball, location: 2F
1-2: Foul Ball, location: 2F
1-2: Strikes out swinging
Batting: SHB Fa-hsien Tze 0-0: Ball
1-0: DOUBLE (Groundball, 3L, EV 110.0 MPH)
Hugh Hill to third
Runner from 3rd tries for Home, SAFE, no throw by RF
Batting: LHB Tony Wonder 0-0: Foul Ball, location: 2F
0-1: Fly out, F8 (Flyball, 8LD, EV 89.4 MPH)
Top of the 5th over - 1 run, 2 hits, 0 errors, 1 left on base; Brooklyn 3 - Oakland 0
BOTTOM OF THE 5TH
Oakland Oaks batting - Pitching for Brooklyn Dodgers : LHP Holden Rosen Grupp
Batting: RHB Eugene Bowman 0-0: DOUBLE (Line Drive, 78D, EV 111.9 MPH)
Batting: RHB Tony Hernández 0-0: Ball
1-0: Ground out 1-3 (Groundball, 25, EV 81.2 MPH)
Batting: LHB Conor Gotaas 0-0: Ball
1-0: SINGLE (Line Drive, 8LS, EV 106.9 MPH)
Eugene Bowman to third
Batting: RHB Esteban Vázquez 0-0: Called Strike
0-1: Ball
1-1: Grounds into double play, 5-4-3 (Groundball, 56, EV 109.4 MPH)
Bottom of the 5th over - 0 runs, 2 hits, 0 errors, 1 left on base; Brooklyn 3 - Oakland 0
TOP OF THE 6TH
Brooklyn Dodgers batting - Pitching for Oakland Oaks : RHP Matt Dunn
Batting: RHB Bill Chaundler 0-0: SINGLE (Line Drive, 8LS, EV 106.9 MPH)
Batting: LHB Aaron Day 0-0: Ball
1-0: Foul Ball, location: 2F
1-1: Fly out, F8 (Line Drive, 8RM, EV 94.4 MPH)
Batting: RHB Carlos Muńóz 0-0: Ball
1-0: Ball
2-0: Foul Ball, location: 2F
2-1: Reached on error, E5 (Groundball, 56, EV 85.6 MPH)
Bill Chaundler to second
Batting: LHB Ronald Lithgoe 0-0: Called Strike
0-1: Ball
1-1: Fielders Choice at 2nd, 3-6 (Groundball, 34, EV 100.6 MPH)
Bill Chaundler to third
Batting: RHB Steve Pugh 0-0: Ball
1-0: Swinging Strike
1-1: Called Strike
1-2: Foul Ball, location: 2F
1-2: Strikes out looking
Top of the 6th over - 0 runs, 1 hit, 1 error, 2 left on base; Brooklyn 3 - Oakland 0
BOTTOM OF THE 6TH
Oakland Oaks batting - Pitching for Brooklyn Dodgers : LHP Holden Rosen Grupp
Batting: RHB Cornelius Adkison 0-0: Ball
1-0: Ball
2-0: Swinging Strike
2-1: Ground out 1-3 (Groundball, P, EV 86.9 MPH)
Batting: RHB Sebastian Franke 0-0: Ball
1-0: Fly out, F9 (Flyball, 89S, EV 88.8 MPH)
Batting: RHB John Mast 0-0: Called Strike
0-1: Ball
1-1: SINGLE (Line Drive, 78S, EV 106.2 MPH)
Batting: RHB Johnny Jones 0-0: Ball
1-0: Swinging Strike
1-1: Fly out, F9 (Flyball, 9S, EV 88.1 MPH)
Bottom of the 6th over - 0 runs, 1 hit, 0 errors, 1 left on base; Brooklyn 3 - Oakland 0
TOP OF THE 7TH
Brooklyn Dodgers batting - Pitching for Oakland Oaks : RHP Matt Dunn
Batting: LHB Hugh Hill 0-0: Foul Ball, location: 2F
0-1: Called Strike
0-2: Ball
1-2: Hit by Pitch
Batting: SHB Koryusai Ohayashi 0-0: Sac Bunt to 13 - play at first, batter OUT! 1-3
Hugh Hill to second
Batting: SHB Fa-hsien Tze 0-0: Ball
1-0: SINGLE (Line Drive, 6D, EV 109.4 MPH)
Hugh Hill to third
Batting: LHB Tony Wonder 0-0: 3-RUN HOME RUN (Flyball, 9LD, EV 87.5 MPH), Distance : 361 ft
Pitching: LHP Risto Hannila
Batting: RHB Bill Chaundler 0-0: Called Strike
0-1: Called Strike
0-2: Foul Ball, location: 2F
0-2: Strikes out swinging
Batting: LHB Aaron Day 0-0: Ball
1-0: Foul Ball, location: 2F
1-1: Ball
2-1: Foul Ball, location: 2F
2-2: Ball
3-2: Ground out 4-3 (Groundball, 4, EV 83.1 MPH)
Top of the 7th over - 3 runs, 2 hits, 0 errors, 0 left on base; Brooklyn 6 - Oakland 0
BOTTOM OF THE 7TH
Oakland Oaks batting - Pitching for Brooklyn Dodgers : LHP Holden Rosen Grupp
Batting: LHB Gabriel Montoya 0-0: Called Strike
0-1: SINGLE (Groundball, 4S, EV 66.9 MPH) (infield hit)
Batting: RHB Eugene Bowman 0-0: Foul Ball, location: 2F
0-1: Swinging Strike
0-2: Foul Ball, location: 2F
0-2: Ball
1-2: SINGLE (Groundball, 6D, EV 100.0 MPH)
Gabriel Montoya to second
Batting: RHB Tony Hernández 0-0: Ball
1-0: Called Strike
1-1: Called Strike
1-2: Fly out, F9 (Flyball, 9LSF, EV 78.1 MPH)
Batting: LHB Conor Gotaas 0-0: Ball
1-0: Foul Ball, location: 2F
1-1: Ball
2-1: Ball
3-1: Foul Ball, location: 2F
3-2: Fielders Choice at 2nd, 5-4 (Groundball, 56S, EV 88.1 MPH)
Gabriel Montoya to third
Batting: RHB Esteban Vázquez 0-0: Reached on error, E9 (Flyball, 9S, EV 87.5 MPH)
Gabriel Montoya scores
Conor Gotaas to third
Batting: RHB Cornelius Adkison 0-0: Called Strike
0-1: Fly out, F6 (Popup, 6MS, EV 74.4 MPH)
Bottom of the 7th over - 1 run, 2 hits, 1 error, 2 left on base; Brooklyn 6 - Oakland 1
TOP OF THE 8TH
Brooklyn Dodgers batting - Pitching for Oakland Oaks : LHP Risto Hannila
Batting: RHB Carlos Muńóz 0-0: Swinging Strike
0-1: Foul Ball, location: 2F
0-2: Ball
1-2: Foul Ball, location: 2F
1-2: DOUBLE (Line Drive, 5D, EV 95.6 MPH)
Batting: LHB Ronald Lithgoe 0-0: Ball
1-0: Fly out, F7 (Flyball, 7S, EV 91.9 MPH)
Batting: RHB Steve Pugh 0-0: Ball
1-0: Ball
2-0: Ground out 2-3 (Groundball, 15S, EV 63.8 MPH)
Carlos Muńóz to third
Batting: LHB Hugh Hill 0-0: Called Strike
0-1: Swinging Strike
0-2: Strikes out swinging
Top of the 8th over - 0 runs, 1 hit, 0 errors, 1 left on base; Brooklyn 6 - Oakland 1
BOTTOM OF THE 8TH
Oakland Oaks batting - Pitching for Brooklyn Dodgers : LHP Holden Rosen Grupp
Batting: RHB Sebastian Franke 0-0: Ground out 5-3 (Groundball, 56S, EV 66.9 MPH)
Batting: RHB John Mast 0-0: Ball
1-0: Foul Ball, location: 2F
1-1: Ball
2-1: Called Strike
2-2: Hit by Pitch
Batting: RHB Johnny Jones 0-0: Ball
1-0: Called Strike
1-1: Foul Ball, location: 2F
1-2: Ball
2-2: Fly out, F8 (Line Drive, 8RD, EV 90.0 MPH)
Batting: LHB Gabriel Montoya 0-0: Foul Ball, location: 2F
0-1: Ball
1-1: Ball
2-1: Ground out 4-3 (Groundball, 4S, EV 81.2 MPH)
Bottom of the 8th over - 0 runs, 0 hits, 0 errors, 1 left on base; Brooklyn 6 - Oakland 1
TOP OF THE 9TH
Brooklyn Dodgers batting - Pitching for Oakland Oaks : LHP Risto Hannila
Batting: SHB Koryusai Ohayashi 0-0: Ball
1-0: Ground out 4-3 (Groundball, 4, EV 99.4 MPH)
Batting: SHB Fa-hsien Tze 0-0: Called Strike
0-1: Ground out 1-3 (Groundball, 34S, EV 62.5 MPH)
Batting: LHB Tony Wonder 0-0: Ball
1-0: Ball
2-0: SINGLE (Groundball, 4, EV 97.5 MPH) (infield hit)
Batting: RHB Bill Chaundler 0-0: Ball
Tony Wonder steals 2nd base
1-0: Called Strike
1-1: Foul Ball, location: 2F
1-2: Ball
2-2: Strikes out swinging
Top of the 9th over - 0 runs, 1 hit, 0 errors, 1 left on base; Brooklyn 6 - Oakland 1
BOTTOM OF THE 9TH
Oakland Oaks batting - Pitching for Brooklyn Dodgers : LHP Holden Rosen Grupp
Batting: RHB Eugene Bowman 0-0: Reached on error, E9 (Flyball, 89D, EV 98.1 MPH)
Batting: RHB Tony Hernández 0-0: Called Strike
0-1: Ball
1-1: Swinging Strike
1-2: Ball
2-2: Foul Ball, location: 2F
2-2: Ball
3-2: Ground out 6-3 (Groundball, 56, EV 87.5 MPH)
Pitching: RHP Gunner Hines
Batting: LHB Conor Gotaas 0-0: Called Strike
0-1: Foul Ball, location: 2F
0-2: Ground out U3 (Groundball, 3S, EV 80.0 MPH)
Eugene Bowman to third
Batting: RHB Esteban Vázquez 0-0: Swinging Strike
0-1: Called Strike
0-2: Strikes out swinging
Bottom of the 9th over - 0 runs, 0 hits, 1 error, 1 left on base; Brooklyn 6 - Oakland 1
Tuesday, January 5th, 2021 - OOTP Baseball 20.8 Build 74